 Dungeon Crawl Stone Soup version 0.28-a0-1447-ga5a8893891 (webtiles) character file.

Game seed: 9321234813703766340

1433 hashsling the Gusty (level 8, 0/41 HPs)
             Began as a Tengu Air Elementalist on Jan 11, 2022.
             Was an Initiate of Qazlal.
             Succumbed to a killer bee's poison
             ... on level 6 of the Dungeon.
             The game lasted 00:13:59 (8233 turns).

hashsling the Gusty (Tengu Air Elementalist)        Turns: 8233, Time: 00:14:00

Health: 0/41       AC:  5    Str:  9    XL:     8   Next: 73%
Magic:  5/16       EV: 16    Int: 18    God:    Qazlal [......]
Gold:   238        SH:  0    Dex: 14    Spells: 7/17 levels left

rFire   . . .      SeeInvis .   e - staff of conjuration
rCold   . . .      Faith    .   (no shield)
rNeg    . . .      Spirit   .   a - +0 robe
rPois   .          Reflect  .   (helmet restricted)
rElec   .          Harm     .   (no cloak)
rCorr   .          Rampage  .   j - +2 pair of gloves
Will    .....                   (boots unavailable)
Stlth   ++........              (no amulet)
HPRegen 0.13/turn               (no ring)
MPRegen 0.15/turn               (no ring)

@: lethally poisoned (0 -> -3), flying quickly and evasively, quick
A: beak, talons 3, nimble flight
a: Renounce Religion


You were on level 6 of the Dungeon.
You worshipped Qazlal.
Qazlal was noncommittal.
You visited 2 branches of the dungeon, and saw 7 of its levels.

You collected 238 gold pieces.

Inventory:

Hand Weapons
 d - a +0 short sword
Missiles
 b - 123 arrows
 c - 57 poisoned darts
Armour
 a - a +0 robe (worn)
 g - a +3 ring mail
 j - a +2 pair of gloves (worn)
Magical Staves
 e - a staff of conjuration (weapon)
Jewellery
 r - a +4 ring of evasion
Wands
 k - a wand of digging (7)
 s - a wand of paralysis (13)
Scrolls
 i - a scroll of fog {unknown}
 l - a scroll of teleportation {unknown}
 m - a scroll of noise {unknown}
 o - 6 scrolls of identify {unknown}
 v - a scroll of summoning {unknown}
 x - a scroll of torment {unknown}
Potions
 f - a potion of mutation {unknown}
 h - a potion of berserk rage {unknown}
 n - a potion of might {unknown}
 p - a potion of degeneration {unknown}
 q - a potion of resistance {unknown}
 t - a potion of attraction {unknown}
 u - a potion of lignification {unknown}
 w - a potion of magic {unknown}
 z - a potion of flight {unknown}


   Skills:
 + Level 3.5 Staves
 + Level 4.4 Dodging
 - Level 2.0 Stealth
 * Level 5.0 Spellcasting
 * Level 6.8 Conjurations
 * Level 7.8 Air Magic
 + Level 1.8 Evocations


You had 7 spell levels left.
You knew the following spells:

 Your Spells              Type           Power      Damage    Failure   Level
a - Shock                 Conj/Air       100%       1d9       1%          1
b - Static Discharge      Conj/Air       46%        N/A       1%          2
c - Swiftness             Air            32%        N/A       1%          3
d - Airstrike             Air            16%        N/A       5%          4

Your spell library contained the following spells:

 Spells                   Type           Power      Damage    Failure   Level
 Conjure Flame            Conj/Fire      25%        6-21      10%         3
 Sticky Flame             Conj/Fire      25%        2d5       32%         4
 Gell's Gravitas          Tloc           4%         N/A       36%         3
 Ignite Poison            Fire/Tmut/Pois 4%         N/A       36%         3
 Lesser Beckoning         Tloc           4%         N/A       36%         3
 Ozocubu's Armour         Ice            4%         N/A       36%         3
 Teleport Other           Tloc           4%         N/A       36%         3
 Ozocubu's Refrigeration  Ice            2%         4d5       100%        7


Dungeon Overview and Level Annotations

Branches:
Dungeon (6/15)             Temple (1/1) D:5

Altars:
Cheibriados
Dithmenos
Elyvilon
Fedhas
Hepliaklqana
Qazlal
Ru
Sif Muna
Uskayaw
Vehumet
Wu Jian
Yredelemnul
Zin
The Shining One


Innate Abilities, Weirdness & Mutations

You have a beak for a mouth.
You have claws for feet.
Your magical nature lets you fly swiftly and evasively.


Message History

The killer bee closely misses you. The killer bee misses you.
The killer bee stings you.
You feel a surge of power!
The zap misses the killer bee.
The killer bee misses you. The killer bee stings you.
The killer bee closely misses you. The killer bee misses you.
You feel a surge of power!
The zap hits the killer bee.
The killer bee is almost dead.
The killer bee stings you!
You are poisoned.
The killer bee poisons you!
The killer bee stings you but does no damage.
The killer bee barely misses you. x2
You are too injured to fight recklessly!
Aiming: Shock (safe; 1% risk of failure)
Press: ? - help, Q - select action, (/) - cycle Shift-Dir - straight line, f/p - killer bee
Aim: a killer bee (almost dead, 48% to hit)
You feel a surge of power!
The zap hits the killer bee.
You kill the killer bee!
Qazlal accepts your kill.
You feel sick. The killer bee misses you. The killer bee stings you.
* * * LOW HITPOINT WARNING * * *
Aiming: Shock (safe; 1% risk of failure)
Press: ? - help, Q - select action, (/) - cycle Shift-Dir - straight line You feel a surge of power!
The zap hits the killer bee.
The killer bee is lightly wounded.
The zap misses the killer bee.
You feel sick. The killer bee barely misses you.
The killer bee closely misses you.
Aiming: Shock (safe; 1% risk of failure)
Press: ? - help, Q - select action, (/) - cycle Shift-Dir - straight line You feel a surge of power!
The zap misses the killer bee. x2
You feel sick. The killer bee stings you!
* * * LOW HITPOINT WARNING * * *
The killer bee barely misses you.
Aiming: Shock (safe; 1% risk of failure)
Press: ? - help, Q - select action, (/) - cycle Shift-Dir - straight line You feel a surge of power!
The zap misses the killer bee.
The zap hits the killer bee.
The killer bee is moderately wounded.
You die...

#.# #.. ....
#.######.. ....
#......... .....
#......... .....
##......... ...)..
#....####†#
.....†#+######....#
#<>
#....y.)....#....#
#.#
#.....@.....#....#
#.#
#...........#....#
#.#
..................+
...
......$...........#
###
..................#
#............#....#
#............#....#
?............#....#
........#....#


You could see a killer bee.

Vanquished Creatures
  Grinder (D:3)
  Eustachio (D:5)
  A water moccasin (D:5)
  A necrophage (D:4)
  A centaur (D:6)
  A kobold brigand (D:6)
  2 scorpions
  A wyvern skeleton (D:6)
  2 killer bees (D:6)
  A bullfrog zombie (D:4)
  2 hounds (D:5)
  An orc priest (D:4)
  A centaur skeleton (D:5)
  Jessica (D:2)
  A bullfrog skeleton (D:4)
  Natasha (thrice) (D:3)
  A hound skeleton (D:4)
  6 adders
  6 gnolls
  A white imp (D:4)
  An adder skeleton (D:5)
  2 dart slugs (D:1)
  11 orcs
  7 endoplasms
  A giant cockroach (D:1)
  6 hobgoblins
  15 jackals (D:3)
  2 quokkas (D:4)
  10 ball pythons
  4 bats
  2 frilled lizards (D:1)
  4 goblins
  8 kobolds
  5 rats
113 creatures vanquished.

Vanquished Creatures (others)
  A demonic plant (D:1)
1 creature vanquished.

Grand Total: 114 creatures vanquished

Notes
Turn   | Place    | Note
-------+----------+-------------------------------------------
     0 | D:1      | hashsling the Tengu Air Elementalist began the quest for
                  | the Orb.
     0 | D:1      | Reached XP level 1. HP: 10/10 MP: 4/4
   301 | D:1      | Reached XP level 2. HP: 15/15 MP: 0/6
   396 | D:1      | Found a faded altar of an unknown god.
  1176 | D:1      | Reached XP level 3. HP: 18/18 MP: 4/7
  1778 | D:2      | Found a glowing silver altar of Zin.
  2173 | D:2      | Noticed Jessica
  2176 | D:2      | Killed Jessica
  2177 | D:2      | Reached XP level 4. HP: 24/24 MP: 4/9
  2605 | D:3      | Noticed Natasha
  2607 | D:3      | Reached skill level 1 in Staves
  2607 | D:3      | Reached skill level 5 in Air Magic
  2610 | D:3      | Killed Natasha
  2611 | D:3      | Gained mutation: Your magical nature lets you fly swiftly
                  | and evasively. [Tengu growth]
  2611 | D:3      | Reached XP level 5. HP: 28/28 MP: 2/10
  3036 | D:3      | Noticed Natasha
  3040 | D:3      | Killed Natasha
  3220 | D:3      | Noticed Natasha
  3224 | D:3      | Killed Natasha
  3309 | D:3      | Learned a level 2 spell: Static Discharge
  3313 | D:3      | Learned a level 3 spell: Swiftness
  3318 | D:3      | Learned a level 4 spell: Airstrike
  3345 | D:3      | Noticed Grinder
  3351 | D:3      | Killed Grinder
  3352 | D:3      | Reached skill level 6 in Air Magic
  3352 | D:3      | Reached XP level 6. HP: 32/32 MP: 4/12
  3771 | D:4      | Reached XP level 7. HP: 22/36 MP: 9/13
  3934 | D:4      | Reached skill level 5 in Conjurations
  5416 | D:4      | Found a blossoming altar of Fedhas.
  5561 | D:5      | Entered Level 5 of the Dungeon
  5561 | D:5      | Noticed Eustachio
  5672 | D:5      | Killed Eustachio
  5673 | D:5      | Reached skill level 7 in Air Magic
  5673 | D:5      | Reached XP level 8. HP: 39/41 MP: 0/15
  6123 | D:5      | Found a staircase to the Ecumenical Temple.
  6132 | Temple   | Entered the Ecumenical Temple
  6642 | Temple   | Became a worshipper of Qazlal Stormbringer
  7056 | D:5      | Reached skill level 1 in Evocations
  8061 | D:6      | Reached skill level 5 in Spellcasting
  8232 | D:6      | HP: 1/41 [killer bee (7)]
  8233 | D:6      | Succumbed to a killer bee's poison

Illustrated notes

Levels and vault maps discovered:
D:1:      psy_arrival_dodecagon, layout_basic,
          dreamdust_ecumenical_altar_sealed_demon
D:2:      layout_loops_corners, basic_altar, hex_large,
          hangedman_feature_mirror, wad_orctagon, uniq_jessica,
          uniq_crazy_yiuf_cottage
D:3:      layout_loops_ring, uniq_grinder, uniq_natasha
D:4:      layout_layer_cave, kennysheep_little_box
D:5:      layout_layer_cave, minmay_temple_entry_arrows,
          kennysheep_generic_room_15, uniq_eustachio
D:6:      layout_basic
Temple:   chequers_temple_sunken

Skill      XL: |  1  2  3  4  5  6  7  8 |
---------------+-------------------------+-----
Conjurations   | 2 3 4 5 6 |  6.8
Staves         | 1 2 3 |  3.5
Air Magic      | 5 6 7 |  7.8
Spellcasting   | 3 4 5 |  5.0
Dodging        | 3 4 |  4.4
Evocations     | 1 |  1.8
Stealth        | |  2.0

Action                   |  1- 3 |  4- 6 |  7- 9 || total
-------------------------+-------+-------+-------++-------
Melee: Short sword       |     1 |       |       ||     1
       Staff             |     1 |     7 |    17 ||    25
       Kick              |       |     2 |     6 ||     8
       Peck              |       |     1 |     2 ||     3
 Cast: Shock             |    76 |    74 |   131 ||   281
       Swiftness         |       |       |     1 ||     1
       Airstrike         |       |       |     1 ||     1
Armor: Robe              |     1 |     3 |     7 ||    11
Dodge: Dodged            |     3 |    10 |    41 ||    54

Table legend: (Time is in decaauts)
 A = Elapsed time spent in this place.
 B = Non-inter-level travel time spent in this place.
 C = Inter-level travel time spent in this place.
 D = Time resting spent in this place.
 E = Time spent auto-exploring this place.
 F = Levels seen in this place.
 G = Mean time per level.
                   A        B        C        D        E       F      G
               +--------+--------+--------+--------+--------+-----+--------+
         Total |   7895 |   7763 |    132 |      0 |   7069 |   7 | 1127.9 |
       Dungeon |   7429 |   7297 |    132 |      0 |   6640 |   6 | 1238.2 |
        Temple |    465 |    465 |      0 |      0 |    429 |   1 |  465.0 |
               +--------+--------+--------+--------+--------+-----+--------+

Top non-repeatable levels by time:
     D:4: 1816 daAuts
     D:5: 1662 daAuts
     D:2: 1302 daAuts
     D:1: 1276 daAuts
     D:3: 1038 daAuts
  Temple: 465 daAuts
     D:6: 332 daAuts
